Workbook

Sheet Appraisal
B2: Project Investment | C2: 270400
B3: Number of Years | C3: 10
B4: NPV | C4: =HLOOKUP(C3,C9:M22,11,TRUE) -> 308221.05
B5: IRR | C5: =HLOOKUP(C3,C9:M22,12,TRUE) -> 0.34852781
B6: PI | C6: =HLOOKUP(C3,C9:M22,13,TRUE) -> 2.1398707
B7: BCR | C7: =HLOOKUP(C3,C9:M22,14,TRUE) -> 1.1398707
B9: Year | C9: 0 | D9: 1 | E9: 2 | F9: 3 | G9: 4 | H9: 5 | I9: 6 | J9: 7 | K9: 8 | L9: 9 | M9: 10
B10: Profit | C10: =C11 -> -270400 | D10: =ARR!E8 -> 63304 | E10: =ARR!E9 -> 130412 | F10: =ARR!E10 -> 136393 | G10: =ARR!E11 -> 114947 | H10: =ARR!E12 -> 93966 | I10: =ARR!E13 -> 88948 | J10: =ARR!E14 -> 81712 | K10: =ARR!E15 -> 76249 | L10: =ARR!E16 -> 72193 | M10: =ARR!E17 -> 70902
B11: Investment | C11: =(0-C2) -> -270400 | D11: =SUM(C11+D10) -> -207096 | E11: =SUM(D11+E10) -> -76684 | F11: =SUM(E11+F10) -> 59709 | G11: =SUM(F11+G10) -> 174656 | H11: =SUM(G11+H10) -> 268622 | I11: =SUM(H11+I10) -> 357570 | J11: =SUM(I11+J10) -> 439282 | K11: =SUM(J11+K10) -> 515531 | ... M11: =SUM(L11+M10) -> 658626
C12: Payback | D12: =IF(D11<0,D9,C11/D10) -> 1 | E12: =IF(E11<0,E9,D11/E10) -> 2 | F12: =IF(F11<0,F9,E11/F10) -> -0.56222827 | G12: =IF(G11<0,G9,F11/G10) -> 0.51944809 | H12: =IF(H11<0,H9,G11/H10) -> 1.8587149 | I12: =IF(I11<0,I9,H11/I10) -> 3.0199892 | J12: =IF(J11<0,J9,I11/J10) -> 4.375979 | K12: =IF(K11<0,K9,J11/K10) -> 5.761151 | ... M12: =IF(M11<0,M9,L11/M10) -> 8.2892443
B15: Discount Rate (WACC) | C15: 0.105
B16: Denominator | C16: 1 | D16: =SUM((1+$C$15)^-D9) -> 0.90497738 | E16: =SUM((1+$C$15)^-E9) -> 0.81898405 | F16: =SUM((1+$C$15)^-F9) -> 0.74116204 | G16: =SUM((1+$C$15)^-G9) -> 0.67073487 | H16: =SUM((1+$C$15)^-H9) -> 0.60699989 | I16: =SUM((1+$C$15)^-I9) -> 0.54932116 | J16: =SUM((1+$C$15)^-J9) -> 0.49712323 | K16: =SUM((1+$C$15)^-K9) -> 0.44988527 | ... M16: =SUM((1+$C$15)^-M9) -> 0.36844886
B18: Net Benefits | C18: =SUM(C11/C16) -> -270400 | D18: =SUM(D16*D10) -> 57288.688 | E18: =SUM(E16*E10) -> 106805.35 | F18: =SUM(F16*F10) -> 101089.31 | G18: =SUM(G16*G10) -> 77098.962 | H18: =SUM(H16*H10) -> 57037.351 | I18: =SUM(I16*I10) -> 48861.019 | J18: =SUM(J16*J10) -> 40620.933 | K18: =SUM(K16*K10) -> 34303.302 | ... M18: =SUM(M16*M10) -> 26123.761
B19: Net Present Value (NPV) | C19: =C18 -> -270400 | D19: =SUM(C18:D18) -> -213111.31 | E19: =SUM(C18:E18) -> -106305.96 | F19: =SUM(C18:F18) -> -5216.6506 | G19: =SUM(C18:G18) -> 71882.311 | H19: =SUM(C18:H18) -> 128919.66 | I19: =SUM(C18:I18) -> 177780.68 | J19: =SUM(C18:J18) -> 218401.61 | K19: =SUM(C18:K18) -> 252704.92 | L19: =SUM(C18:L18) -> 282097.29 | M19: =SUM(C18:M18) -> 308221.05
C20: Rate of Return (IRR) | D20: =IRR($C$10:D10,1%) -> -0.76588757 | E20: =IRR($C$10:E10,1%) -> -0.17867462 | F20: =IRR($C$10:F10,1%) -> 0.095114118 | G20: =IRR($C$10:G10,1%) -> 0.21288548 | H20: =IRR($C$10:H10,1%) -> 0.26915642 | I20: =IRR($C$10:I10,1%) -> 0.30253015 | J20: =IRR($C$10:J10,1%) -> 0.32245725 | K20: =IRR($C$10:K10,1%) -> 0.33491987 | ... M20: =IRR($C$10:M10,1%) -> 0.34852781
C21: Profitability Index (PI) | D21: =SUM((D19+$C$2)/$C$2) -> 0.21186645 | E21: =SUM((E19+$C$2)/$C$2) -> 0.60685664 | F21: =SUM((F19+$C$2)/$C$2) -> 0.98070765 | G21: =SUM((G19+$C$2)/$C$2) -> 1.2658369 | H21: =SUM((H19+$C$2)/$C$2) -> 1.4767739 | I21: =SUM((I19+$C$2)/$C$2) -> 1.6574729 | J21: =SUM((J19+$C$2)/$C$2) -> 1.8076983 | K21: =SUM((K19+$C$2)/$C$2) -> 1.9345596 | ... M21: =SUM((M19+$C$2)/$C$2) -> 2.1398707
C22: BCR | D22: =SUM(D19/$C$2) -> -0.78813355 | E22: =SUM(E19/$C$2) -> -0.39314336 | F22: =SUM(F19/$C$2) -> -0.019292347 | G22: =SUM(G19/$C$2) -> 0.26583695 | H22: =SUM(H19/$C$2) -> 0.4767739 | I22: =SUM(I19/$C$2) -> 0.65747293 | J22: =SUM(J19/$C$2) -> 0.80769828 | K22: =SUM(K19/$C$2) -> 0.9345596 | ... M22: =SUM(M19/$C$2) -> 1.1398707

Sheet ARR
B2: Initial Investment | D2: 270400
B4: Time Scale | D4: 10
B7: Year | C7: Income | D7: =B34 -> Depreciation | E7: Profit
B8: 1 | C8: 90344 | D8: =IF(C8>0,$D$34,0) -> 27040 | E8: =SUM(C8-D8) -> 63304 | F8: =E8 -> 63304 | G8: =SUM(F8/B8) -> 63304 | H8: =SUM(G8/$D$35) -> 0.46822485
B9: 2 | C9: 157452 | D9: =IF(C9>0,$D$34,0) -> 27040 | E9: =SUM(C9-D9) -> 130412 | F9: =SUM(F8+E9) -> 193716 | G9: =SUM(F9/B9) -> 96858 | H9: =SUM(G9/$D$35) -> 0.71640533
B10: 3 | C10: 163433 | D10: =IF(C10>0,$D$34,0) -> 27040 | E10: =SUM(C10-D10) -> 136393 | F10: =SUM(F9+E10) -> 330109 | G10: =SUM(F10/B10) -> 110036.33 | H10: =SUM(G10/$D$35) -> 0.81387821
B11: 4 | C11: 141987 | D11: =IF(C11>0,$D$34,0) -> 27040 | E11: =SUM(C11-D11) -> 114947 | F11: =SUM(F10+E11) -> 445056 | G11: =SUM(F11/B11) -> 111264 | H11: =SUM(G11/$D$35) -> 0.82295858
B12: 5 | C12: 121006 | D12: =IF(C12>0,$D$34,0) -> 27040 | E12: =SUM(C12-D12) -> 93966 | F12: =SUM(F11+E12) -> 539022 | G12: =SUM(F12/B12) -> 107804.4 | H12: =SUM(G12/$D$35) -> 0.79736982
B13: 6 | C13: 115988 | D13: =IF(C13>0,$D$34,0) -> 27040 | E13: =SUM(C13-D13) -> 88948 | F13: =SUM(F12+E13) -> 627970 | G13: =SUM(F13/B13) -> 104661.67 | H13: =SUM(G13/$D$35) -> 0.77412475
B14: 7 | C14: 108752 | D14: =IF(C14>0,$D$34,0) -> 27040 | E14: =SUM(C14-D14) -> 81712 | F14: =SUM(F13+E14) -> 709682 | G14: =SUM(F14/B14) -> 101383.14 | H14: =SUM(G14/$D$35) -> 0.74987532
B15: 8 | C15: 103289 | D15: =IF(C15>0,$D$34,0) -> 27040 | E15: =SUM(C15-D15) -> 76249 | F15: =SUM(F14+E15) -> 785931 | G15: =SUM(F15/B15) -> 98241.375 | H15: =SUM(G15/$D$35) -> 0.72663739
B16: 9 | C16: 99233 | D16: =IF(C16>0,$D$34,0) -> 27040 | E16: =SUM(C16-D16) -> 72193 | F16: =SUM(F15+E16) -> 858124 | G16: =SUM(F16/B16) -> 95347.111 | H16: =SUM(G16/$D$35) -> 0.70523011
B17: 10 | C17: 97942 | D17: =IF(C17>0,$D$34,0) -> 27040 | E17: =SUM(C17-D17) -> 70902 | F17: =SUM(F16+E17) -> 929026 | G17: =SUM(F17/B17) -> 92902.6 | H17: =SUM(G17/$D$35) -> 0.68714941
B18: 11 | C18: 0 | D18: =IF(C18>0,$D$34,0) -> 0 | E18: =SUM(C18-D18) -> 0 | F18: =SUM(F17+E18) -> 929026 | G18: =SUM(F18/B18) -> 84456.909 | H18: =SUM(G18/$D$35) -> 0.62468128
B19: 12 | C19: 0 | D19: =IF(C19>0,$D$34,0) -> 0 | E19: =SUM(C19-D19) -> 0 | F19: =SUM(F18+E19) -> 929026 | G19: =SUM(F19/B19) -> 77418.833 | H19: =SUM(G19/$D$35) -> 0.57262451
B20: 13 | C20: 0 | D20: =IF(C20>0,$D$34,0) -> 0 | E20: =SUM(C20-D20) -> 0 | F20: =SUM(F19+E20) -> 929026 | G20: =SUM(F20/B20) -> 71463.538 | H20: =SUM(G20/$D$35) -> 0.52857647
... B29: 22 | C29: 0 | D29: =IF(C29>0,$D$34,0) -> 0 | E29: =SUM(C29-D29) -> 0 | F29: =SUM(F28+E29) -> 929026 | G29: =SUM(F29/B29) -> 42228.455 | H29: =SUM(G29/$D$35) -> 0.31234064
C30: =SUM(C8:C29) -> 1199426 | D30: =SUM(D8:D29) -> 270400 | E30: =SUM(E8:E29) -> 929026
B33: Difference | D33: =SUM(D2-D3) -> 270400
B34: Depreciation | D34: =SUM(D33/D4) -> 27040
B35: Average Investment | D35: =SUM((D2+D3)/2) -> 135200
B36: Average Profit | D36: =SUM(E30/D4) -> 92902.6
B37: ARR | D37: =SUM(D36/D35) -> 0.68714941
B38: Total Cashflow | D38: =C30 -> 1199426
B39: Profit | D39: =E30 -> 929026
